AoeStats
← Tchitchi d'Afflelou

Black Forest

509634414Analyzed
4v4 RM · 6d ago on Sep 27, 2026· 22m 53s· 8 players
Game mode
Random Map
Map size
Large (8 player)
Population
200
Speed
Normal
Resources
Standard
Victory
Conquest
Starting age
Dark Age
Ending age
Imperial Age
RankedLock teamsTeams togetherTeam positionsShared explorationLock speedFull tech treeHidden civsTurbo modeCheats
Victory
Defeat
🇫🇷 Saracens · France
1427
+16
🇦🇷 Italians · Argentina
1413
+16
🇳🇱 Varangians · Netherlands
1376
+18
🇨🇳 Mongols · China
1307
+19
🇨🇳 Saxons · China
1478
-20
🇨🇳 Danes · China
1462
-19
🇨🇳 Saracens · China
1408
-17
1311
-13
Tomato
11:36 Feudal Age
11:32 Loom
12:33 Double-Bit Axe
16:27 Castle Age
15:05 Horse Collar
15:57 Fishing Lines
16:23 Gold Mining
16:47 Fletching
18:25 Husbandry
21:46 Bloodlines
Tchitchi d'Afflelou
7:52 Loom
9:40 Feudal Age
墨者
1:32 Loom
11:10 Feudal Age
12:05 Double-Bit Axe
16:01 Castle Age
16:19 Scale Barding Armor
20:22 Fishing Lines
Blas de lezo
0:45 Loom
11:19 Feudal Age
15:30 Castle Age
14:02 Double-Bit Axe
14:09 Gold Mining
16:27 Bow Saw
19:55 Silk Road
21:04 Caravan
垃圾小土兵
7:05 Loom
9:37 Feudal Age
9:47 Man-at-Arms
14:35 Town Watch
14:50 Fletching
16:50 Town Watch
21:34 Double-Bit Axe
24:41 Castle Age
23:00 Padded Archer Armor
精华缘
6:49 Loom
7:05 Loom
10:39 Feudal Age
11:45 Double-Bit Axe
15:46 Castle Age
14:35 Fishing Lines
20:40 Horse Collar
有钱胶己人 无钱咬支浪
10:54 Feudal Age
11:50 Double-Bit Axe
20:06 Castle Age
19:55 Bloodlines
20:10 Fishing Lines
21:04 Capped Ram
22:31 Scale Barding Armor
亮刀吧
0:53 Loom
11:15 Feudal Age
15:19 Castle Age
14:04 Double-Bit Axe
14:41 Fletching
18:29 Horse Collar
21:19 Bow Saw
23:11 Wheelbarrow
Connection lost

Rejoining the realm…

Still unreachable

The connection could not be restored.

Session expired

The server has moved on; the page needs a fresh start.